cohdb
Replays
Latest Replays
All Replays
Popular Replays
Top Player Replays
Match Explorer
How It Works
Community
CoH3 Stats
Reddit
Sign in to upload your games and track your stats! →
Sign in with Steam
Match 46058321
Unlisted
Match 46058321
Overview
Messages
Build Orders
End
Panzergrenadier Squad
Selects Armored Support Battlegroup
Panzergrenadier Squad
Panzergrenadier Squad
Construct Light Support Kompanie
Fire Support Elements
MG34 Team
2.5-tonne Medical Truck
le.IG 18 Mechanized Group
Pak 38 Anti-tank Gun Team
Construct Panzerarmee Kommand
Selects Salvage Kits
Selects Veteran Gunners
Panzer III L Medium Tank
Panzer III L Medium Tank
Panzergrenadier Squad
Panzergrenadier Squad
Advanced Field Repairs
Panzer III L Medium Tank
Panzergrenadier Squad
Pak 38 Mechanized Group
Papa Chulo
axeboz
Fil
Don Pitudo
The Magician
VitMix
0
0
Comments
sign in to comment!
No comments posted yet!